AoeStats
← flo25

Arabia

506922852Analyzed
2v2 RM · 16d ago on Sep 15, 2026· 32m 11s· 4 players
Game mode
Random Map
Map size
Medium (4 player)
Population
200
Speed
Normal
Resources
Standard
Victory
Conquest
Starting age
Dark Age
Ending age
Imperial Age
RankedLock teamsTeams togetherTeam positionsShared explorationLock speedFull tech treeHidden civsTurbo modeCheats
Victory
Defeat
🇫🇷 Bulgarians · France
952
+16
🇫🇷 Sicilians · France
949
+16
🇺🇸 Mongols · United States
984
-17
🇦🇷 Koreans · Argentina
931
-15
flo25
10:14 Feudal Age
10:58 Loom
12:54 Scale Mail Armor
13:06 Forging
12:56 Arson
15:27 Horse Collar
21:26 Castle Age
19:53 Double-Bit Axe
20:35 Gold Mining
23:17 Bloodlines
23:17 Scale Barding Armor
23:57 Bow Saw
23:49 Heavy Plow
24:27 Gold Shaft Mining
23:58 Husbandry
25:35 Stone Mining
26:08 Chain Barding Armor
31:51 Iron Casting
Y4nou71
11:30 Feudal Age
15:45 Loom
20:15 Castle Age
21:21 Double-Bit Axe
23:49 Wheelbarrow
22:59 Horse Collar
24:29 Scale Mail Armor
24:36 Padded Archer Armor
24:30 Elite Skirmisher
25:10 Fletching
27:28 Forging
DressComic11760
6:59 Loom
10:32 Feudal Age
16:28 Wheelbarrow
26:24 Castle Age
24:51 Double-Bit Axe
24:59 Stone Mining
Aledecr
12:19 Feudal Age
17:13 Castle Age
15:04 Double-Bit Axe
15:34 Gold Mining
15:53 Horse Collar
16:35 Fletching
18:27 Crossbowman
19:22 Loom
29:55 Thumb Ring
Connection lost

Rejoining the realm…

Still unreachable

The connection could not be restored.

Session expired

The server has moved on; the page needs a fresh start.